[Event "World Junior U20 Open 2018"]
[Site "Gebze"]
[Date "2018.09.12"]
[Round "8.66"]
[White "Kilic, Efe Mert"]
[Black "Cirovic, Miroljub"]
[Result "1/2-1/2"]
[ECO "B35"]
[WhiteElo "2269"]
[BlackElo "2181"]
[Annotator "NA"]
[PlyCount "135"]
[EventDate "2018.09.05"]
[EventType "swiss"]
[EventCountry "TUR"]
[SourceTitle "playchess.com"]
[Source "ChessBase"]
[SourceQuality "1"]
[TimeControl "40/5400+30:1800+30"]

1. e4 c5 2. Nf3 Nc6 3. d4 cxd4 4. Nxd4 g6 5. Nc3 Bg7 6. Be3 Nf6 7. Bc4 Qa5 8. O-O O-O 9. Bb3 d6 10. h3 Bd7 11. f4 Rac8 12. Qf3 Qh5 13. Nxc6 Bxc6 14. g4 Qa5 15. Rad1 b5 16. Nd5 Bxd5 17. exd5 Nd7 18. Bd4 Nc5 19. Bxg7 Kxg7 20. Qf2 Qb6 21. c3 Nxb3 22. axb3 Qxf2+ 23. Kxf2 b4 24. c4 a5 25. Ra1 Rc5 26. Ke3 e6 27. Rfd1 Rd8 28. Ra4 exd5 29. Rxd5 Rxd5 30. cxd5 Ra8 31. Ra1 Kf8 32. Kd3 Ke7 33. Rc1 Kd7 34. Rc6 a4 35. bxa4 Rxa4 36. b3 Ra1 37. Rb6 Kc7 38. Rxb4 Rh1 39. Re4 Rxh3+ 40. Kc4 Kd7 41. g5 Rh1 42. b4 Rc1+ 43. Kb5 Rd1 44. Kb6 Rxd5 45. b5 Rd1 46. Ra4 Rb1 47. Ra7+ Ke6 48. Rc7 Rb4 49. Ka5 Rxf4 50. b6 Rf1 51. b7 Rb1 52. Ka6 Ra1+ 53. Kb6 Rb1+ 54. Ka7 Ra1+ 55. Kb8 Kf5 56. Rxf7+ Kxg5 57. Kc8 Rb1 58. Rxh7 Kf4 59. b8=Q Rxb8+ 60. Kxb8 g5 61. Kc7 g4 62. Rf7+ Ke3 63. Rg7 Kf3 64. Rxg4 Kxg4 65. Kc6 d5 66. Kc5 Kf4 67. Kd4 Kf5 68. Kxd5 1/2-1/2

[Event "World Junior U20 Open 2018"]
[Site "Gebze"]
[Date "2018.09.12"]
[Round "8.67"]
[White "Kara, Yanki"]
[Black "Petkov, Momchil"]
[Result "0-1"]
[ECO "A11"]
[WhiteElo "2262"]
[BlackElo "2163"]
[Annotator "NA"]
[PlyCount "71"]
[EventDate "2018.09.05"]
[EventType "swiss"]
[EventCountry "TUR"]
[SourceTitle "playchess.com"]
[Source "ChessBase"]
[SourceQuality "1"]
[TimeControl "40/5400+30:1800+30"]

1. Nf3 Nf6 2. g3 d5 3. Bg2 c6 4. c4 Bf5 5. cxd5 cxd5 6. Qb3 Nc6 7. Qxb7 Bd7 8. Qb3 e5 9. O-O Rb8 10. Qd1 e4 11. Ne1 h5 12. d3 h4 13. Bf4 hxg3 14. Bxg3 Rxb2 15. Nc3 Qa5 16. Rc1 Bb4 17. Nb1 Nd4 18. Nc2 Nxc2 19. Rxc2 Qxa2 20. Nc3 Qb3 21. Rxb2 Qxb2 22. Nb1 O-O 23. Bh4 Bf5 24. d4 Nd7 25. Bg5 a5 26. h4 Rc8 27. f3 exf3 28. Bxf3 Bc2 29. Qc1 Qxd4+ 30. Kg2 Ne5 31. Qf4 Qxf4 32. Bxf4 Nxf3 33. Kxf3 a4 34. Be5 a3 35. Ke3 Re8 36. Kd4 0-1

[Event "World Junior U20 Open 2018"]
[Site "Gebze"]
[Date "2018.09.12"]
[Round "8.68"]
[White "Aydincelebi, Kagan"]
[Black "Noboa, Kevin"]
[Result "1/2-1/2"]
[ECO "C08"]
[WhiteElo "2060"]
[BlackElo "2256"]
[Annotator "NA"]
[PlyCount "105"]
[EventDate "2018.09.05"]
[EventType "swiss"]
[EventCountry "TUR"]
[SourceTitle "playchess.com"]
[Source "ChessBase"]
[SourceQuality "1"]
[TimeControl "40/5400+30:1800+30"]

1. e4 e6 2. d4 d5 3. Nd2 c5 4. exd5 exd5 5. Bb5+ Bd7 6. Bxd7+ Nxd7 7. dxc5 Bxc5 8. Nb3 Ngf6 9. Nxc5 Nxc5 10. Ne2 O-O 11. O-O Re8 12. Be3 Qd6 13. h3 Rad8 14. Nd4 Nfe4 15. Nf5 Qf6 16. Bxc5 Nxc5 17. Nd4 Na4 18. Rb1 Re4 19. c3 Nb6 20. Qc2 Rde8 21. Rbd1 h5 22. Rd2 Nc4 23. Re2 Qxd4 24. cxd4 Rxe2 25. Qc1 Nxb2 26. Qg5 Nc4 27. Rd1 Nb6 28. a4 Nxa4 29. Ra1 Nc3 30. Rxa7 Ne4 31. Qxd5 Rxf2 32. Rxb7 h4 33. Re7 Rxe7 34. Qd8+ Kh7 35. Qxe7 Rf4 36. d5 Ng3 37. Qe1 Rd4 38. Qb1+ g6 39. Qb7 Rf4 40. Qb5 Rf5 41. Qc4 Rf4 42. Qb5 Nf5 43. d6 Rd4 44. d7 Ng7 45. Kf2 Ne6 46. Ke3 Rd6 47. Qa4 Kg7 48. Qb5 Kf6 49. Qb8 Rxd7 50. Qh8+ Kg5 51. Qe5+ Kh6 52. Qh8+ Kg5 53. Ke4 1/2-1/2

[Event "World Junior U20 Open 2018"]
[Site "Gebze"]
[Date "2018.09.12"]
[Round "8.69"]
[White "Rodrigue-Lemieux, Shawn"]
[Black "Kwon, Sehyun"]
[Result "1-0"]
[ECO "C55"]
[WhiteElo "2250"]
[BlackElo "2129"]
[Annotator "NA"]
[PlyCount "77"]
[EventDate "2018.09.05"]
[EventType "swiss"]
[EventCountry "TUR"]
[SourceTitle "playchess.com"]
[Source "ChessBase"]
[SourceQuality "1"]
[TimeControl "40/5400+30:1800+30"]

1. e4 e5 2. Nf3 Nc6 3. Bc4 Nf6 4. d3 Be7 5. O-O O-O 6. c3 d6 7. a4 Kh8 8. a5 a6 9. Qb3 Qe8 10. Ng5 Nd8 11. f4 h6 12. Nf3 exf4 13. Bxf4 Nh5 14. Be3 f5 15. exf5 Bxf5 16. Nd4 Bh4 17. Bd2 Bg6 18. Na3 Rxf1+ 19. Rxf1 c6 20. Qd1 d5 21. Ba2 Bxd3 22. Rf3 Bg6 23. g4 Bf6 24. Re3 Qf7 25. gxh5 Bxh5 26. Qf1 c5 27. Nf5 Nc6 28. Rh3 Bg4 29. Nd6 Qe6 30. Rg3 Rf8 31. Qg2 Be5 32. Rxg4 Qxd6 33. Qxd5 Qf6 34. Qg2 Nd4 35. Bd5 Nf5 36. Nc4 Bc7 37. Qf3 Qd8 38. Qe4 Re8 39. Qxf5 1-0

[Event "World Junior U20 Open 2018"]
[Site "Gebze"]
[Date "2018.09.12"]
[Round "8.70"]
[White "Nalbant, Tuna Onat"]
[Black "Ongut, Tamas Gunes"]
[Result "1/2-1/2"]
[ECO "B96"]
[WhiteElo "2241"]
[BlackElo "2121"]
[Annotator "NA"]
[PlyCount "46"]
[EventDate "2018.09.05"]
[EventType "swiss"]
[EventCountry "TUR"]
[SourceTitle "playchess.com"]
[Source "ChessBase"]
[SourceQuality "1"]
[TimeControl "40/5400+30:1800+30"]

1. e4 c5 2. Nf3 d6 3. d4 cxd4 4. Nxd4 Nf6 5. Nc3 a6 6. Bg5 e6 7. f4 h6 8. Bh4 Qb6 9. a3 Be7 10. Bf2 Qc7 11. Qf3 Nbd7 12. O-O-O b5 13. Bd3 Rb8 14. Rhe1 b4 15. axb4 Rxb4 16. Nb3 Bb7 17. Kb1 Nc5 18. Nxc5 dxc5 19. Na2 Ra4 20. Nc3 Rb4 21. Na2 Ra4 22. Nc3 Rb4 23. Na2 Ra4 1/2-1/2

[Event "World Junior U20 Open 2018"]
[Site "Gebze"]
[Date "2018.09.12"]
[Round "8.71"]
[White "Dedebas, Emre Emin"]
[Black "Gulden, Egemen"]
[Result "1/2-1/2"]
[ECO "E73"]
[WhiteElo "2334"]
[BlackElo "2068"]
[Annotator "NA"]
[PlyCount "60"]
[EventDate "2018.09.05"]
[EventType "swiss"]
[EventCountry "TUR"]
[SourceTitle "playchess.com"]
[Source "ChessBase"]
[SourceQuality "1"]
[TimeControl "40/5400+30:1800+30"]

1. d4 Nf6 2. c4 g6 3. Nc3 Bg7 4. e4 d6 5. Be2 O-O 6. Be3 c5 7. d5 e6 8. Nf3 exd5 9. cxd5 Bg4 10. Nd2 Bxe2 11. Qxe2 Nfd7 12. O-O Na6 13. Nc4 Nb6 14. Bf4 Nxc4 15. Qxc4 Nc7 16. Rad1 Qd7 17. a4 a6 18. Qd3 b5 19. Qg3 Rfd8 20. e5 dxe5 21. Bxe5 Ne8 22. Ne4 Qe7 23. Bxg7 Qxe4 24. Bc3 Rxd5 25. Rde1 Qf5 26. Re3 b4 27. Rfe1 bxc3 28. Rxe8+ Rxe8 29. Rxe8+ Kg7 30. Qxc3+ Qf6 1/2-1/2

[Event "World Junior U20 Open 2018"]
[Site "Gebze"]
[Date "2018.09.12"]
[Round "8.72"]
[White "Ozturk, Efe Hakan"]
[Black "Akdogan, Alperen"]
[Result "0-1"]
[ECO "E05"]
[WhiteElo "2065"]
[BlackElo "2278"]
[Annotator "NA"]
[PlyCount "64"]
[EventDate "2018.09.05"]
[EventType "swiss"]
[EventCountry "TUR"]
[SourceTitle "playchess.com"]
[Source "ChessBase"]
[SourceQuality "1"]
[TimeControl "40/5400+30:1800+30"]

1. d4 d5 2. c4 e6 3. Nf3 Nf6 4. g3 Be7 5. Bg2 O-O 6. O-O dxc4 7. Ne5 Nc6 8. Bxc6 bxc6 9. Nxc6 Qe8 10. Nxe7+ Qxe7 11. Qc2 c5 12. Qxc4 cxd4 13. Qxd4 e5 14. Qh4 Qb7 15. Nc3 Be6 16. Bg5 Ng4 17. h3 Qxb2 18. Be7 Qxc3 19. Bxf8 Nxf2 20. Kxf2 Rxf8 21. Rfc1 Qb2 22. a3 Qb6+ 23. e3 Qb2+ 24. Ke1 Qg2 25. g4 Bc4 26. Qf2 Qh1+ 27. Kd2 Rd8+ 28. Kc3 Qc6 29. Rab1 Rd3+ 30. Kb2 Qb5+ 31. Kc2 Qa4+ 32. Kb2 Qxa3+ 0-1

[Event "World Junior U20 Open 2018"]
[Site "Gebze"]
[Date "2018.09.12"]
[Round "8.74"]
[White "Sezdbekov, Ruslan"]
[Black "Rajic, Ivan"]
[Result "1-0"]
[ECO "B50"]
[WhiteElo "2160"]
[BlackElo "2021"]
[Annotator "NA"]
[PlyCount "127"]
[EventDate "2018.09.05"]
[EventType "swiss"]
[EventCountry "TUR"]
[SourceTitle "playchess.com"]
[Source "ChessBase"]
[SourceQuality "1"]
[TimeControl "40/5400+30:1800+30"]

1. e4 c5 2. Nf3 d6 3. c3 Nf6 4. Be2 Nc6 5. d4 cxd4 6. cxd4 Nxe4 7. d5 Qa5+ 8. Nc3 Nxc3 9. bxc3 Nb8 10. O-O e5 11. dxe6 Bxe6 12. Nd4 Nd7 13. Rb1 Qc7 14. Bf3 Rb8 15. Nb5 Qb6 16. Bf4 Ne5 17. Be3 Qa5 18. Bxa7 Ra8 19. Re1 Be7 20. Bxb7 Rxa7 21. Nxa7 Qxa7 22. Rxe5 dxe5 23. Bc6+ Kf8 24. Rb7 Qa8 25. Rxe7 Kxe7 26. Bxa8 Rxa8 27. a4 Bd7 28. Qd5 Rxa4 29. Qxe5+ Be6 30. h3 g6 31. g4 Rc4 32. f4 f6 33. Qa5 f5 34. g5 Kd7 35. Qe5 Re4 36. Qg7+ Kd6 37. Qxh7 Rxf4 38. Qxg6 Rh4 39. Kg2 f4 40. Qf6 f3+ 41. Kxf3 Rxh3+ 42. Kg2 Rh4 43. g6 Rg4+ 44. Kf3 Rc4 45. g7 Rc8 46. c4 Kd7 47. c5 Rxc5 48. Qxe6+ Kxe6 49. g8=Q+ Kd6 50. Ke4 Re5+ 51. Kd4 Re7 52. Qd5+ Kc7 53. Kc5 Rd7 54. Qg8 Re7 55. Qh8 Rf7 56. Qh5 Re7 57. Qf5 Rd7 58. Qe5+ Kb7 59. Kb5 Ka7 60. Kc6 Rb7 61. Qe4 Kb8 62. Qd4 Rc7+ 63. Kb6 Rb7+ 64. Ka6 1-0

[Event "World Junior U20 Open 2018"]
[Site "Gebze"]
[Date "2018.09.12"]
[Round "8.75"]
[White "Kilic, Gokturk Kagan"]
[Black "Piyumantha, M Sasith Nipun"]
[Result "1/2-1/2"]
[ECO "B31"]
[WhiteElo "1910"]
[BlackElo "2139"]
[Annotator "NA"]
[PlyCount "61"]
[EventDate "2018.09.05"]
[EventType "swiss"]
[EventCountry "TUR"]
[SourceTitle "playchess.com"]
[Source "ChessBase"]
[SourceQuality "1"]
[TimeControl "40/5400+30:1800+30"]

1. e4 c5 2. Nf3 Nc6 3. Bb5 g6 4. O-O Bg7 5. c3 e5 6. Na3 Nge7 7. Nc2 O-O 8. d4 cxd4 9. Bxc6 Nxc6 10. cxd4 exd4 11. Nfxd4 Nxd4 12. Nxd4 d5 13. exd5 Qxd5 14. Be3 Qe4 15. Qb3 Rd8 16. Rfd1 Bd7 17. Rac1 Rac8 18. f3 Qe7 19. Kh1 Rxc1 20. Rxc1 Ba4 21. Qc3 Qh4 22. Qa5 Rxd4 23. Rc8+ Bf8 24. Rxf8+ Kxf8 25. Qc5+ Kg8 26. Qxd4 Qxd4 27. Bxd4 a6 28. Bf6 Kf8 29. Kg1 Ke8 30. Kf2 Kd7 31. Ke3 1/2-1/2

[Event "World Junior U20 Open 2018"]
[Site "Gebze"]
[Date "2018.09.12"]
[Round "8.76"]
[White "Dionizio, Andre Filipe Nascim"]
[Black "De Block, Yordi"]
[Result "1/2-1/2"]
[ECO "C24"]
[WhiteElo "2010"]
[BlackElo "2118"]
[Annotator "NA"]
[PlyCount "67"]
[EventDate "2018.09.05"]
[EventType "swiss"]
[EventCountry "TUR"]
[SourceTitle "playchess.com"]
[Source "ChessBase"]
[SourceQuality "1"]
[TimeControl "40/5400+30:1800+30"]

1. e4 e5 2. Nf3 Nc6 3. Bc4 Nf6 4. d3 d5 5. exd5 Nxd5 6. h3 Bc5 7. O-O O-O 8. a3 a5 9. Nc3 Nxc3 10. bxc3 Qd6 11. Nd2 Qg6 12. Qf3 Be6 13. Ne4 Be7 14. Bxe6 Qxe6 15. Re1 Rad8 16. Rb1 f5 17. Ng5 Qg6 18. Rxb7 h6 19. Rxc7 Rf6 20. h4 hxg5 21. Bxg5 e4 22. dxe4 fxe4 23. Qe2 Rf7 24. Bxe7 Nxe7 25. Qxe4 Qxe4 26. Rxe4 Nf5 27. Rxf7 Kxf7 28. Re5 Nxh4 29. Rxa5 Rc8 30. Rh5 Ng6 31. Rh3 Ne5 32. Kf1 Ra8 33. Ke2 Rxa3 34. f4 1/2-1/2

[Event "World Junior U20 Open 2018"]
[Site "Gebze"]
[Date "2018.09.12"]
[Round "8.77"]
[White "Cansun, Can Alp"]
[Black "Daghan, Devran"]
[Result "0-1"]
[ECO "B53"]
[WhiteElo "2110"]
[BlackElo "2004"]
[Annotator "NA"]
[PlyCount "142"]
[EventDate "2018.09.05"]
[EventType "swiss"]
[EventCountry "TUR"]
[SourceTitle "playchess.com"]
[Source "ChessBase"]
[SourceQuality "1"]
[TimeControl "40/5400+30:1800+30"]

1. e4 c5 2. Nf3 d6 3. d4 cxd4 4. Qxd4 e5 5. Qe3 Be7 6. Nc3 Nf6 7. Bc4 O-O 8. O-O a6 9. Rd1 Nbd7 10. Qe2 b5 11. Bb3 Bb7 12. Bg5 Qc7 13. a3 Rac8 14. Nd2 Nc5 15. Bxf6 Nxb3 16. cxb3 Bxf6 17. Nf1 Bg5 18. Qg4 Bf4 19. Rd3 Rcd8 20. Rad1 Bc8 21. Qe2 f5 22. Ne3 fxe4 23. Nxe4 Bxe3 24. Qxe3 Bf5 25. f3 d5 26. Rxd5 Rxd5 27. Rxd5 Bxe4 28. fxe4 Qc2 29. h3 Qxb2 30. b4 h6 31. Rd1 Kh7 32. Qg3 Qe2 33. Rd7 Qf1+ 34. Kh2 Qf6 35. Rd5 Re8 36. Kg1 Qb6+ 37. Qf2 Qxf2+ 38. Kxf2 Re6 39. Kf3 Kg6 40. g3 Kf6 41. Rc5 Rd6 42. Ke3 Ke6 43. Rc8 Rd1 44. Ra8 Rd6 45. Ra7 Kf6 46. Rc7 h5 47. Rc8 Kf7 48. Rh8 Rc6 49. Kd3 Rg6 50. Rxh5 Rxg3+ 51. Kc2 Rxa3 52. h4 Rh3 53. Rf5+ Ke6 54. h5 Re3 55. Rg5 Rxe4 56. Rxg7 Rxb4 57. Rg6+ Kd5 58. Rxa6 Rh4 59. h6 Kd4 60. Rb6 Rh2+ 61. Kc1 Kc3 62. Rc6+ Kb3 63. Rd6 e4 64. Re6 b4 65. Kd1 Kc3 66. Rc6+ Kb2 67. Rc4 b3 68. Rxe4 Rxh6 69. Re2+ Ka1 70. Re8 Rd6+ 71. Ke2 Ra6 0-1

[Event "World Junior U20 Open 2018"]
[Site "Gebze"]
[Date "2018.09.12"]
[Round "8.78"]
[White "Beukema, Christiaan"]
[Black "Erdogan, Anil Berk"]
[Result "0-1"]
[ECO "B23"]
[WhiteElo "1904"]
[BlackElo "2083"]
[Annotator "NA"]
[PlyCount "52"]
[EventDate "2018.09.05"]
[EventType "swiss"]
[EventCountry "TUR"]
[SourceTitle "playchess.com"]
[Source "ChessBase"]
[SourceQuality "1"]
[TimeControl "40/5400+30:1800+30"]

1. e4 c5 2. Nc3 Nc6 3. Bb5 Nd4 4. Bc4 g6 5. Nf3 Bg7 6. d3 e6 7. Nxd4 cxd4 8. Nb5 d6 9. O-O a6 10. Na3 Ne7 11. Bb3 d5 12. Qf3 b5 13. Re1 dxe4 14. Qxe4 Rb8 15. Bg5 h6 16. Qf4 Rb6 17. Bf6 O-O 18. Re4 Bxf6 19. Qxf6 Nf5 20. Qe5 Qd6 21. c4 dxc3 22. Qxd6 Rxd6 23. bxc3 Rxd3 24. c4 Bb7 25. Re2 Nd4 26. cxb5 Nxe2+ 0-1

[Event "World Junior U20 Open 2018"]
[Site "Gebze"]
[Date "2018.09.12"]
[Round "8.79"]
[White "Taalaibekov, Tagir"]
[Black "Nurgaliyev, Sauat"]
[Result "1-0"]
[ECO "A57"]
[WhiteElo "2291"]
[BlackElo "1685"]
[Annotator "NA"]
[PlyCount "79"]
[EventDate "2018.09.05"]
[EventType "swiss"]
[EventCountry "TUR"]
[SourceTitle "playchess.com"]
[Source "ChessBase"]
[SourceQuality "1"]
[TimeControl "40/5400+30:1800+30"]

1. d4 Nf6 2. c4 c5 3. d5 b5 4. Qc2 d6 5. e4 b4 6. b3 g6 7. Bb2 Bg7 8. g3 O-O 9. Bg2 Bb7 10. Nd2 a5 11. Ne2 Nbd7 12. O-O e6 13. dxe6 fxe6 14. e5 Bxg2 15. exf6 Bxf1 16. fxg7 Bxe2 17. gxf8=Q+ Nxf8 18. Qe4 Bh5 19. g4 Ra7 20. Nf3 a4 21. Rd1 axb3 22. axb3 Bxg4 23. Qxg4 Rd7 24. Ng5 h5 25. Qg3 Qe7 26. Ne4 e5 27. f4 Rd8 28. fxe5 dxe5 29. Rxd8 Qxd8 30. Qxe5 Qd1+ 31. Kf2 Qc2+ 32. Ke1 Qb1+ 33. Kd2 Ne6 34. Qxe6+ Kf8 35. Bf6 Qa2+ 36. Ke3 Qxb3+ 37. Kf4 g5+ 38. Nxg5 Qxc4+ 39. Qxc4 Ke8 40. Qf7# 1-0

[Event "World Junior U20 Open 2018"]
[Site "Gebze"]
[Date "2018.09.12"]
[Round "8.80"]
[White "Baylav, Can"]
[Black "Yaran, Siar"]
[Result "1-0"]
[ECO "C91"]
[WhiteElo "2026"]
[BlackElo "2271"]
[Annotator "NA"]
[PlyCount "125"]
[EventDate "2018.09.05"]
[EventType "swiss"]
[EventCountry "TUR"]
[SourceTitle "playchess.com"]
[Source "ChessBase"]
[SourceQuality "1"]
[TimeControl "40/5400+30:1800+30"]

1. e4 e5 2. Nf3 Nc6 3. Bb5 a6 4. Ba4 Nf6 5. O-O Be7 6. Re1 b5 7. Bb3 d6 8. c3 O-O 9. d4 Bg4 10. d5 Na5 11. Bc2 c6 12. dxc6 Qc7 13. Nbd2 Qxc6 14. Nf1 h6 15. h3 Be6 16. Ng3 Rfc8 17. Nh4 Kh7 18. Ngf5 Bf8 19. Qf3 Ng8 20. Ne3 Nc4 21. Nd5 a5 22. a4 b4 23. b3 Nb6 24. c4 Nd7 25. g4 g6 26. Be3 Ra6 27. Rad1 Nc5 28. Qg3 f6 29. f4 Bf7 30. g5 exf4 31. Qxf4 hxg5 32. Nxf6+ Nxf6 33. Qxf6 Qe8 34. Bxg5 d5 35. Qf3 dxc4 36. bxc4 b3 37. Bb1 Be7 38. Bxe7 Qxe7 39. Qg4 Qe6 40. Qg3 Nxa4 41. Nf3 Kg8 42. Ne5 Be8 43. Rf1 Nc5 44. Ng4 Nd7 45. e5 Rxc4 46. Nf6+ Nxf6 47. Rxf6 Qc8 48. Bxg6 Rg4 49. Qxg4 Qxg4+ 50. hxg4 Rxf6 51. Bxe8 Rf4 52. Bd7 a4 53. Bf5 Kg7 54. e6 Kf6 55. Rd7 Rxf5 56. gxf5 b2 57. Rd1 a3 58. Re1 a2 59. e7 b1=Q 60. e8=Q Qb6+ 61. Kg2 Qb7+ 62. Kg3 Qc7+ 63. Kg4 1-0

[Event "World Junior U20 Open 2018"]
[Site "Gebze"]
[Date "2018.09.12"]
[Round "8.81"]
[White "Tuna, Alp"]
[Black "Helander, Benjamin"]
[Result "1-0"]
[ECO "A34"]
[WhiteElo "2253"]
[BlackElo "1994"]
[Annotator "NA"]
[PlyCount "103"]
[EventDate "2018.09.05"]
[EventType "swiss"]
[EventCountry "TUR"]
[SourceTitle "playchess.com"]
[Source "ChessBase"]
[SourceQuality "1"]
[TimeControl "40/5400+30:1800+30"]

1. g3 Nf6 2. Bg2 d5 3. Nf3 c5 4. O-O e6 5. c4 Be7 6. cxd5 Nxd5 7. Nc3 Nc6 8. d4 cxd4 9. Nxd5 exd5 10. Nxd4 O-O 11. Be3 Bf6 12. Rc1 Nxd4 13. Bxd4 Be6 14. Qd2 Bxd4 15. Qxd4 Qa5 16. a3 Rac8 17. Rxc8 Rxc8 18. Rd1 Kf8 19. Bxd5 Qxd5 20. Qxd5 Bxd5 21. Rxd5 Rc2 22. Rb5 b6 23. Kf1 Ke7 24. Ke1 Rc1+ 25. Kd2 Rf1 26. Ke3 f6 27. h4 Rb1 28. Kf4 Ke6 29. g4 g6 30. h5 Rc1 31. hxg6 hxg6 32. f3 Rc2 33. Ke3 g5 34. Kd3 Rc1 35. Rb4 Rc5 36. Re4+ Kd7 37. Rc4 Re5 38. Rd4+ Kc7 39. Re4 Rd5+ 40. Kc3 a5 41. Rc4+ Kb7 42. Rd4 Re5 43. e4 Rc5+ 44. Kd3 Rb5 45. b4 axb4 46. axb4 Kc6 47. Kc4 Re5 48. Rd5 Re8 49. b5+ Kc7 50. Rf5 Re6 51. e5 fxe5 52. Kd5 1-0

[Event "World Junior U20 Open 2018"]
[Site "Gebze"]
[Date "2018.09.12"]
[Round "8.82"]
[White "Fleri, Matthew"]
[Black "Maltezeanu, Stefan"]
[Result "0-1"]
[ECO "B22"]
[WhiteElo "1625"]
[BlackElo "2089"]
[Annotator "NA"]
[PlyCount "41"]
[EventDate "2018.09.05"]
[EventType "swiss"]
[EventCountry "TUR"]
[SourceTitle "playchess.com"]
[Source "ChessBase"]
[SourceQuality "1"]
[TimeControl "40/5400+30:1800+30"]

1. e4 c5 2. c3 Nf6 3. e5 Nd5 4. d4 cxd4 5. Nf3 d6 6. cxd4 e6 7. Nc3 dxe5 8. Nxe5 Bb4 9. Bb5+ Nd7 10. Bd2 Bxc3 11. bxc3 O-O 12. Nxd7 Bxd7 13. Bd3 Bc6 14. Qh5 Nf6 15. Qh3 Qd5 16. O-O Bb5 17. Rfe1 Bxd3 18. Qxd3 Rfd8 19. Re5 Qxe5 20. dxe5 Rxd3 21. Bc1 0-1